Map: Frostline LE

Players

Serral - Winner!

  • Race: Zerg Zerg
  • League: Master
  • Spawn Location: 1:00

LiquidClem (Clem)

  • Race: Terran Terran
  • League: Grandmaster
  • Spawn Location: 7:00

VOD

Have the link to the VOD?

Description

Time

  • Played on: Jan. 25, 2025, 7:21 a.m.
  • Length: 11:12
Show
View Real Time Build Order
Export as new Build Order

Serral Zerg - Winner!

Build Orders: Hatch First 

Get SALT Encoding   

  12  0:00  Drone  
  13  0:07  Drone  
  14  0:15  Extractor, Drone  
  15  0:21  Overlord  
  15  0:40  Drone  
  16  0:45  Hatchery  
  16  0:48  Drone  
  16  0:52  Drone  
  16  0:56  Drone  
  18  1:07  Extractor  
  18  1:11  Spawning Pool  
  16  1:14  Drone  
  16  1:17  Drone  
  18  1:26  Drone  
  19  1:37  Drone  
  20  1:47  Overlord  
  20  1:58  Queen x2  
  20  1:59  Zergling x4  
  26  2:09  Zergling x2  
  26  2:10  Drone, Metabolic Boost  
  28  2:20  Drone x2  
  30  2:30  Drone  
  30  2:33  Queen  
  33  2:38  Overlord  
  33  2:40  Drone  
  33  2:41  Drone  
  35  2:51  Drone  
  36  2:57  Hatchery  
  35  2:59  Overlord  
  35  3:06  Drone x4  
  35  3:09  Drone  
  40  3:13  Drone x2  
  40  3:15  Drone  
  40  3:17  Drone  
  44  3:21  Overlord  
  44  3:24  Overlord  
  44  3:32  Queen  
  46  3:38  Zergling x10  
  51  3:44  Zergling x6  
  51  3:45  Zergling x2  
  55  3:50  Queen  
  55  3:54  Overlord  
  57  3:57  Zergling x2  
  57  4:00  Drone  
  59  4:05  Drone  
  59  4:09  Drone  
  61  4:12  Queen  
  61  4:14  Zergling x4  
  61  4:15  Drone x2  
  67  4:18  Drone  
  67  4:21  Drone  
  69  4:26  Drone  
  69  4:27  Drone  
  71  4:33  Drone  
  71  4:37  Drone x2  
  70  4:41  Drone  
  70  4:43  Drone x3  
  70  4:44  Queen, Lair  
  68  4:48  Zergling x4  
  68  4:49  Zergling x4  
  68  4:51  Zergling x2  
  68  4:52  Queen  
  73  4:54  Zergling x2  
  73  4:58  Spore Crawler  
  75  5:04  Extractor, Spore Crawler  
  75  5:05  Drone x3  
  75  5:06  Baneling Nest  
  75  5:08  Zergling x2  
  75  5:12  Zergling x2  
  77  5:14  Spore Crawler  
  77  5:16  Zergling x4  
  77  5:20  Drone x4  
  82  5:24  Drone  
  74  5:30  Drone x6  
  74  5:32  Spore Crawler  
  74  5:40  Drone x2  
  77  5:44  Overseer  
  77  5:46  Hatchery  
  77  5:48  Extractor  
  77  5:49  Extractor x2, Drone, Evolution Chamber  
  75  5:50  Drone x2, Evolution Chamber  
  75  5:52  Drone, Queen  
  75  5:56  Overseer, Centrifugal Hooks  
  77  6:05  Zergling x4  
  77  6:06  Drone  
  77  6:09  Drone  
  77  6:10  Overlord x2  
  81  6:13  Overlord  
  81  6:25  Zerg Ground Armor Level 1, Zerg Melee Weapons Level 1  
  81  6:29  Drone x9  
  90  6:36  Drone  
  90  6:37  Drone  
  90  6:38  Hydralisk Den  
  91  6:40  Drone  
  91  6:43  Hatchery  
  91  6:45  Drone x5  
  91  6:47  Drone  
  97  6:49  Overlord  
  97  6:52  Overlord  
  97  6:55  Baneling x5  
  97  6:56  Baneling x3  
  97  6:59  Drone  
  97  7:01  Drone  
  99  7:02  Zergling x4  
  99  7:07  Overlord  
  102  7:08  Zergling x8  
  102  7:10  Muscular Augments  
  102  7:14  Zergling x10  
  110  7:22  Zergling x12  
  116  7:36  Hatchery, Spore Crawler  
  112  7:37  Overlord  
  112  7:38  Drone x5  
  112  7:40  Overlord, Hydralisk x3  
  112  7:41  Hydralisk  
  112  7:43  Overlord  
  125  7:51  Hydralisk x3  
  121  7:55  Overlord  
  127  7:59  Hydralisk  
  127  8:00  Hydralisk x5  
  139  8:06  Baneling x7  
  139  8:07  Zergling x2  
  139  8:08  Zergling x8  
  139  8:10  Baneling x7  
  144  8:17  Zergling x16  
  152  8:23  Zergling x6  
  153  8:30  Zergling x2  
  153  8:31  Zergling x8  
  151  8:38  Zergling x18  
  155  8:41  Zerg Ground Armor Level 2  
  155  8:42  Zerg Missile Weapons Level 1  
  155  8:43  Baneling x9  
  155  8:48  Overlord  
  155  8:54  Zergling x16  
  155  8:55  Grooved Spines  
  163  8:57  Overseer  
  163  9:00  Drone  
  163  9:03  Zergling x2  
  163  9:06  Overlord x5  
  163  9:07  Pneumatized Carapace  
  164  9:12  Baneling  
  164  9:16  Baneling x6  
  163  9:20  Zergling x24  
  163  9:23  Zergling x6  
  170  9:25  Zergling x6  
  170  9:26  Baneling  
  170  9:27  Baneling x2  
  171  9:35  Zergling x16  
  169  9:43  Hatchery  
  168  9:50  Hydralisk  
  168  9:51  Hydralisk x6  
  181  9:57  Baneling x7  
  181  9:59  Zergling x10  
  186  10:03  Zergling x8  
  186  10:06  Zergling x2  
  186  10:07  Zergling x4  
  193  10:12  Baneling x7  
  192  10:17  Zergling x18  
  192  10:20  Baneling x3  
  192  10:21  Baneling x2  
  192  10:23  Overlord  
  192  10:25  Zergling x2  
  193  10:32  Baneling x7  
  193  10:36  Zergling x6  
  193  10:37  Zergling x2  
  197  10:47  Zergling x4  
  199  11:00  Infestation Pit  
Show
View Real Time Build Order
Export as new Build Order

LiquidClem Terran 

Build Orders: Reaper Expand, Hellion Banshee 

Get SALT Encoding   

  12  0:00  SCV  
  13  0:12  SCV  
  14  0:16  Supply Depot  
  14  0:24  SCV  
  15  0:38  SCV  
  15  0:40  Barracks  
  16  0:42  Refinery  
  16  0:50  SCV  
  17  1:02  SCV  
  18  1:14  SCV  
  19  1:27  Reaper, Orbital Command  
  20  1:37  Command Center  
  20  1:45  Supply Depot  
  20  1:52  SCV  
  21  1:58  Marine  
  22  2:04  SCV  
  22  2:08  Factory  
  23  2:16  SCV  
  23  2:19  Barracks Reactor  
  24  2:28  SCV  
  25  2:39  Command Center  
  25  2:40  SCV  
  26  2:50  Orbital Command  
  26  2:53  SCV  
  27  3:01  Hellion x2  
  31  3:06  Starport  
  31  3:08  SCV  
  32  3:15  Refinery  
  32  3:16  SCV  
  33  3:20  SCV  
  33  3:21  Barracks Tech Lab  
  33  3:26  Hellion  
  36  3:28  SCV  
  36  3:29  Hellion  
  36  3:33  SCV  
  40  3:40  SCV  
  41  3:45  SCV  
  42  3:49  Banshee  
  42  3:51  Orbital Command  
  42  3:52  Hellion, SCV  
  48  3:56  Marine  
  48  3:57  SCV  
  48  3:58  Hellion  
  52  4:03  Supply Depot  
  52  4:04  SCV  
  52  4:09  SCV, Cloaking Field  
  54  4:14  Barracks Tech Lab  
  54  4:16  Hellion, SCV  
  57  4:18  SCV  
  57  4:19  Hellion  
  57  4:21  SCV  
  61  4:26  Supply Depot  
  61  4:28  SCV  
  61  4:31  SCV  
  63  4:33  Marine  
  63  4:35  SCV  
  62  4:41  SCV  
  62  4:43  SCV  
  58  4:47  SCV  
  58  4:51  Marine  
  60  4:53  Banshee, SCV  
  60  4:55  SCV  
  65  5:03  Barracks  
  65  5:06  SCV x2  
  67  5:07  SCV  
  67  5:08  Barracks  
  67  5:11  Supply Depot  
  67  5:13  Marine  
  69  5:16  Stimpack  
  69  5:18  SCV  
  69  5:19  SCV x2  
  66  5:30  SCV, Marine  
  66  5:31  SCV x2  
  66  5:34  Factory Reactor  
  53  5:38  Refinery  
  53  5:42  SCV  
  54  5:43  SCV  
  54  5:44  Supply Depot  
  54  5:45  Orbital Command  
  54  5:47  Engineering Bay  
  54  5:48  Marine  
  54  5:49  Engineering Bay, Starport Reactor  
  56  5:53  Marine x2  
  56  5:54  SCV  
  56  5:55  SCV  
  60  5:57  Supply Depot  
  60  6:06  SCV  
  60  6:07  Supply Depot, SCV  
  60  6:09  Marine  
  62  6:11  Marine  
  62  6:12  SCV  
  62  6:14  Refinery  
  62  6:16  Marine x2, Terran Infantry Weapons Level 1, Terran Infantry Armor Level 1  
  66  6:18  SCV  
  66  6:20  Factory Reactor  
  66  6:22  SCV  
  66  6:24  SCV  
  69  6:26  Medivac  
  69  6:27  Marine  
  69  6:30  SCV  
  69  6:32  Medivac  
  75  6:34  SCV  
  75  6:35  Marine x2  
  75  6:36  SCV, Marine  
  75  6:37  Marine  
  81  6:42  SCV  
  81  6:44  Marine  
  81  6:45  Barracks x2  
  81  6:46  SCV  
  84  6:49  SCV  
  84  6:51  Supply Depot  
  84  6:52  Marine  
  84  6:53  Marine  
  87  6:55  SCV  
  87  6:56  Combat Shield  
  87  6:57  Supply Depot, Marine  
  87  6:58  SCV  
  87  6:59  Widow Mine  
  87  7:01  Widow Mine  
  94  7:02  Medivac  
  94  7:06  SCV  
  97  7:08  Supply Depot  
  97  7:09  Medivac  
  97  7:11  SCV  
  97  7:12  Marine  
  97  7:13  Marine, SCV  
  97  7:14  Refinery  
  97  7:15  Marine  
  104  7:18  Factory  
  104  7:22  Supply Depot, SCV  
  105  7:26  Widow Mine  
  105  7:27  Supply Depot  
  105  7:29  Widow Mine  
  109  7:30  Marine  
  109  7:33  Marine  
  109  7:34  Marine x2, Medivac  
  109  7:35  Barracks Reactor  
  113  7:39  Supply Depot  
  113  7:40  Barracks Reactor  
  113  7:41  Supply Depot, Marine  
  113  7:43  SCV x2  
  116  7:44  SCV  
  116  7:48  Marine  
  116  7:53  Widow Mine  
  116  7:54  Marine  
  116  7:55  Marine  
  116  7:56  Marine  
  124  7:58  Marine  
  124  8:03  Command Center  
  122  8:05  Marine  
  122  8:07  Widow Mine  
  122  8:10  Medivac  
  122  8:11  Widow Mine  
  122  8:12  Marine x4  
  131  8:15  Marine, Armory  
  131  8:19  Marine  
  135  8:21  Medivac  
  135  8:22  Marine  
  135  8:25  Marine x2  
  135  8:26  Widow Mine  
  142  8:30  Marine x4  
  140  8:35  SCV  
  140  8:38  SCV x2  
  140  8:40  Medivac  
  133  8:41  Marine  
  133  8:43  Marine  
  133  8:45  Marine  
  133  8:48  SCV, Widow Mine  
  139  8:50  Widow Mine, SCV x2  
  139  8:53  Marine x2  
  145  8:56  Widow Mine, Marine x2  
  145  8:58  Marine x2  
  145  8:59  Marine  
  152  9:06  Marine x2  
  152  9:07  SCV  
  152  9:08  SCV  
  152  9:09  Widow Mine  
  157  9:10  Drilling Claws  
  157  9:14  Marine x2  
  157  9:15  Widow Mine  
  157  9:16  Marine x2  
  163  9:17  Widow Mine  
  163  9:20  Marine  
  163  9:24  Marine x3  
  152  9:31  Widow Mine  
  155  9:36  Widow Mine  
  145  9:39  Marine x3, Widow Mine  
  145  9:40  Marine x2  
  145  9:41  Marine  
  145  9:45  Marine, SCV x2  
  154  9:47  SCV  
  154  9:50  Marine, Medivac x2, Sensor Tower  
  154  9:51  Marine  
  154  9:52  Widow Mine  
  159  9:57  SCV, Marine  
  159  9:58  Marine, SCV  
  163  10:05  Barracks x2  
  163  10:08  Barracks  
  162  10:15  Marine, Widow Mine  
  162  10:18  Marine x4  
  162  10:20  Marine x3, Medivac x2  
  162  10:21  Marine  
  162  10:24  SCV  
  165  10:29  Widow Mine  
  165  10:30  SCV  
  165  10:32  SCV  
  165  10:33  Marine  
  169  10:35  Marine  
  169  10:39  Widow Mine  
  172  10:44  Marine x2  
  172  10:45  Supply Depot, SCV, Widow Mine  
  172  10:48  Supply Depot  
Tags
 
Add a new tag
Caveats
  • Supply blocks, unpowered buildings, or Contaminate may cause inaccurate times.
  • Supply counts are checked every 10 seconds.